 Dungeon Crawl Stone Soup version 0.30-a0-989-g0d87f670db (webtiles) character file.

Game seed: 15695990370006274733

324 Maxmaps the Stinger (level 6, -5/52 HPs)
             Began as a Draconian Transmuter on Apr 3, 2023.
             Slain by a gnoll
             ... wielding a +0 club
              (9 damage)
             ... on level 3 of the Dungeon.
             The game lasted 00:02:32 (2286 turns).

Maxmaps the Stinger (Draconian Transmuter)          Turns: 2286, Time: 00:02:33

Health: -5/52      AC:  2    Str: 13    XL:     6   Next: 23%
Magic:  5/9        EV: 10    Int: 15    God:
Gold:   100        SH:  0    Dex: 16    Spells: 5/9 levels left

rFire   . . .      SeeInvis .      - Unarmed
rCold   . . .      Faith    .    (shield currently unavailable)
rNeg    . . .      Spirit   .    (body armour unavailable)
rPois   x          Reflect  .    (helmet currently unavailable)
rElec   .          Rampage  .    (cloak currently unavailable)
rCorr   .                        d - melded +0 pair of gloves
Will    .....                    (boots currently unavailable)
Stlth   +                        (no amulet)
HPRegen 0.28/turn                (no ring)
MPRegen 0.11/turn                (no ring)

@: spider-form (expiring), held
A: venomous fangs, AC +6, tiny, unfitting armour, (cold-blooded)
a: End Transformation


You were on level 3 of the Dungeon.
You were a venomous arachnid creature.
You visited 1 branch of the dungeon, and saw 3 of its levels.

You collected 100 gold pieces.

Inventory:

Armour
 d - a +0 pair of gloves (melded)
Scrolls
 c - a scroll of enchant weapon {unknown}
 e - a scroll of poison {unknown}
 f - 4 scrolls of identify {unknown}
 g - a scroll of fear {unknown}
 h - a scroll of blinking {unknown}
 j - a scroll of torment {unknown}
 k - a scroll of teleportation {unknown}
 l - a scroll of enchant armour {unknown}
 o - a scroll of fog {unknown}
 p - a scroll of vulnerability {unknown}
Potions
 a - 3 potions of curing {unknown}
 b - a potion of attraction
 i - a potion of might {unknown}
 m - a potion of ambrosia {unknown}
 n - a potion of brilliance {unknown}


   Skills:
 - Level 4.0 Fighting
 - Level 1.7 Dodging
 - Level 3.0 Unarmed Combat
 - Level 2.0 Spellcasting
 + Level 2.1 Transmutations
 - Level 5.0 Poison Magic


You had 5 spell levels left.
You knew the following spells:

 Your Spells              Type           Power      Damage    Failure   Level
a - Beastly Appendage     Tmut           14%        N/A       24%         1
b - Spider Form           Tmut/Pois      12%        N/A       34%         3

Your spell library contained the following spells:

 Spells                   Type           Power      Damage    Failure   Level
 Wereblood                Tmut           7%         N/A       32%         2
 Ice Form                 Ice/Tmut       4%         N/A       93%         4


Dungeon Overview and Level Annotations

Branches:
Dungeon (3/15)

Altars:

Shops:
D:1 [


Innate Abilities, Weirdness & Mutations

You are a venomous arachnid creature.
You have venomous fangs.
You are tiny and dextrous.
Your spellcasting is less reliable in this form.
Your armour is entirely melded.
You are incapable of wielding weapons or throwing items.
((Your plain brown scales are hard. (AC +6)))
You cannot fit into any form of body armour.
((You are cold-blooded and may be slowed by cold attacks.))


Message History

You closely miss the gnoll. The gnoll hits you with a +0 spear.
The gnoll barely misses you.
Casting: Spider Form (dangerous; 16% risk of failure)
Confirm with . or Enter, or press ? or * to list all spells.
You turn into a venomous arachnid creature.
Your +0 pair of gloves melds into your body.
The gnoll hits you with a +0 spear! The gnoll completely misses you.
Unknown command.
You are too injured to fight recklessly!
You are too injured to fight recklessly!
You are too injured to fight recklessly!
You are too injured to fight recklessly!
You bite the gnoll!
The gnoll is severely wounded.
The gnoll misses you.
The gnoll hits you from afar with a +0 spear.
You hit the gnoll.
The gnoll is poisoned.
The gnoll is severely wounded.
The gnoll misses you. The gnoll closely misses you.
You hit the gnoll.
You kill the gnoll!
The gnoll throws a throwing net.
The throwing net hits you.
You become entangled in the net!
The gnoll hits you from afar with a +0 spear!
* * * LOW HITPOINT WARNING * * *
You struggle against the net.
The gnoll closely misses you.
You struggle against the net.
The gnoll hits you with a +0 club.
* * * LOW HITPOINT WARNING * * *
The gnoll barely misses you.
You struggle against the net.
The gnoll hits you with a +0 club.
* * * LOW HITPOINT WARNING * * *
The gnoll barely misses you.
You struggle against the net.
Your transformation is almost over.
The gnoll hits you with a +0 club.
* * * LOW HITPOINT WARNING * * *
The gnoll closely misses you.
Unknown command.
You struggle against the net.
The gnoll hits you with a +0 club!
You die...

###.#### #...........########
.......#########.###.##........##
#................# #.#####.......
#.#.##.########..# #.# #.###.##
#.##### #..# #.# #.# #.# #.....#
#..###.#####.###.## #####.#
#.................. #.#
##.###..###........ #.# #s# #..
#........ #.# ##g## ++####.....
#.####.g.# g..~ #..... #........#
..o. #..... ########..##g.#
#..... ...........'g.# +.....
....#####..':.# +..... . ####~..#
##.### ~..... #..#


You could see 2 gnolls.

Vanquished Creatures
  Grinder (D:3)
  Terence (D:2)
  2 gnolls (D:3)
  2 adders
  4 orcs (D:3)
  2 endoplasms (D:2)
  2 giant cockroaches
  6 goblins
  5 hobgoblins
  2 jackals (D:2)
  3 kobolds
  A quokka (D:1)
  8 ball pythons
  4 bats
  6 frilled lizards
  5 rats
54 creatures vanquished.

Notes
Turn   | Place    | Note
-------+----------+-------------------------------------------
     0 | D:1      | Maxmaps the Draconian Transmuter began the quest for the
                  | Orb.
     0 | D:1      | Reached XP level 1. HP: 16/16 MP: 3/3
    59 | D:1      | Found Pobray's Antique Armour Shoppe.
   272 | D:1      | Reached XP level 2. HP: 25/25 MP: 5/5
   862 | D:2      | Noticed Terence
   881 | D:2      | HP: 1/26 [Terence/+0 short sword (1)]
   891 | D:2      | HP: 1/26 [Terence/+0 short sword (3)]
   894 | D:2      | Killed Terence
   895 | D:2      | Reached XP level 3. HP: 3/33 MP: 4/6
  1056 | D:2      | Learned a level 3 spell: Spider Form
  1139 | D:2      | Reached skill level 1 in Poison Magic
  1379 | D:2      | Reached XP level 4. HP: 40/40 MP: 7/7
  1853 | D:3      | Noticed Grinder
  1858 | D:3      | Paralysed by Grinder for 5 turns
  1882 | D:3      | Killed Grinder
  1883 | D:3      | Reached skill level 4 in Poison Magic
  1883 | D:3      | Reached XP level 5. HP: 17/46 MP: 5/8
  1883 | D:3      | Reached XP level 6. HP: 19/52 MP: 5/9
  2273 | D:3      | Reached skill level 5 in Poison Magic
  2286 | D:3      | Slain by a gnoll

Illustrated notes

Levels and vault maps discovered:
D:1:      shiori_arrival_oz, layout_basic, serial_shops, nicolae_shop_waterfront
D:2:      layout_loops_ring, uniq_terence
D:3:      layout_loops_ring, kennysheep_generic_room_7, uniq_grinder

Skill      XL: |  1  2  3  4  5  6 |
---------------+-------------------+-----
Fighting       | 2 4 |  4.0
Poison Magic   | 1 4 5 |  5.0
Dodging        | |  1.7
Unarmed Combat | |  3.0
Spellcasting   | |  2.0
Transmutations | |  2.1

Action                     |  1- 3 |  4- 6 || total
---------------------------+-------+-------++-------
  Melee: Unarmed           |   123 |    67 ||   190
         Tailslap          |    10 |     4 ||    14
         Punch             |     3 |       ||     3
         Kick              |     6 |     1 ||     7
         Headbutt          |     1 |       ||     1
   Cast: Beastly Appendage |     6 |     1 ||     7
         Spider Form       |       |     6 ||     6
    Use: Potion            |     2 |       ||     2
   Stab: Sleeping          |     2 |       ||     2
 Armour: Skin              |    46 |     9 ||    55
  Dodge: Dodged            |    77 |    51 ||   128

Table legend: (Time is in decaauts)
 A = Elapsed time spent in this place.
 B = Non-inter-level travel time spent in this place.
 C = Inter-level travel time spent in this place.
 D = Time resting spent in this place.
 E = Time spent auto-exploring this place.
 F = Levels seen in this place.
 G = Mean time per level.
                   A        B        C        D        E       F      G
               +--------+--------+--------+--------+--------+-----+--------+
         Total |   2277 |   2179 |     98 |    338 |   1436 |   3 |  759.0 |
       Dungeon |   2277 |   2179 |     98 |    338 |   1436 |   3 |  759.0 |
               +--------+--------+--------+--------+--------+-----+--------+

Top non-repeatable levels by time:
     D:2: 927 daAuts
     D:1: 760 daAuts
     D:3: 589 daAuts
